 Dungeon Crawl Stone Soup version 0.32-a0-999-gfa1cc04b1d (webtiles) character file.

Game seed: 10578654318652871492

4174 chippings the Destroyer (level 10, -1/69 (78) HPs)
             Began as a Yellow Draconian Wanderer on Apr 25, 2024.
             Was an Initiate of Ashenzari.
             Slain by Maggie
             ... wielding a +2 war axe of flaming
              (10 damage)
             ... on level 8 of the Dungeon.
             The game lasted 00:24:18 (7872 turns).

chippings the Destroyer (Yellow Draconian Wanderer) Turns: 7872, Time: 00:24:19

HP:   -1/69 (78)    AC: 10    Str: 13    XL:     10   Next: 7%
MP:   7/19          EV: 10    Int: 19    God:    Ashenzari [......]
Gold: 485           SH:  0    Dex: 10    Spells: 14/22 levels left

rFire   . . .        a - staff of air
rCold   . . .        (no shield)
rNeg    . . .        (body armour unavailable)
rPois   .            (helmet restricted)
rElec   +            (no cloak)
rCorr   +            h - +1 pair of gloves
SInv    .            q - +0 pair of boots of the Unyielding Gaze {Range, Cun} (curse)
Will    .....        (no amulet)
Stlth   +            (no ring)
HPRegen 0.31/turn    (no ring)
MPRegen 0.16/turn

%: no passive effects
@: mesmerised, heavily drained
A: caustic breath, AC +7, unfitting armour, cold-blooded, acid resistance
a: Caustic Breath, Renounce Religion, Shatter the Chains


You were on level 8 of the Dungeon.
You worshipped Ashenzari.
Ashenzari was noncommittal.
You visited 2 branches of the dungeon, and saw 9 of its levels.

You collected 485 gold pieces.

Inventory:

Missiles
 b - 15 poisoned darts (quivered)
 x - a throwing net
Armour
 h - a +1 pair of gloves (worn)
 q - the cursed +0 pair of boots of the Unyielding Gaze (worn) {Range, Cun}
   (You found it on level 4 of the Dungeon)

   It has a curse which improves the following skills: Ranged Combat: Ranged
   Weapons and Throwing.
   Cunning:   Dodging and Stealth.
Magical Staves
 a - a staff of air (weapon)
 y - a staff of fire
Wands
 l - a wand of flame (14)
 r - a wand of iceblast (17)
Scrolls
 c - 2 scrolls of vulnerability
 d - a scroll of blinking
 p - a scroll of immolation
 s - a scroll of enchant weapon {unknown}
 u - a scroll of identify
 v - a scroll of silence {unknown}
 w - a scroll of enchant armour
Potions
 e - 2 potions of degeneration {unknown}
 f - 3 potions of lignification
 g - 2 potions of heal wounds {unknown}
 i - 3 potions of brilliance {unknown}
 j - 2 potions of attraction
 k - a potion of berserk rage
 m - a potion of resistance {unknown}
 n - 2 potions of haste {unknown}
 o - 4 potions of curing {unknown}
 t - 2 potions of magic {unknown}


   Skills:
 - Level 4.0 Fighting
 - Level 4.0 Staves
 - Level 2.0(2.3) Throwing
 + Level 0.2(0.3) Dodging
 + Level 6.5 Spellcasting
 - Level 8.0 Conjurations
 + Level 6.8 Air Magic
 - Level 1.0 Invocations
 + Level 6.2 Evocations


You had 14 spell levels left.
You knew the following spells:

 Your Spells              Type           Power      Damage    Failure   Level
a - Magic Dart            Conj           100%       1d8       1%          1
b - Static Discharge      Conj/Air       100%       3-8/arc   1%          2
c - Momentum Strike       Conj/Tloc      42%        3d9       3%          2
d - Mephitic Cloud        Conj/Alch/Air  37%        N/A       4%          3

Your spell library contained the following spells:

 Spells                   Type           Power      Damage    Failure   Level
 Dazzling Flash           Conj/Hex       42%        N/A       6%          3
 Hailstorm                Conj/Ice       21%        3d7       6%          3
 Freeze                   Ice            24%        1d4       11%         1
 Blink                    Tloc           12%        N/A       16%         2
 Jinxbite                 Hex            12%        N/A       16%         2
 Lesser Beckoning         Tloc           12%        N/A       16%         2
 Brom's Barrelling Bould  Conj/Erth      21%        2d4       21%         4
 Frozen Ramparts          Ice            12%        1d2       32%         3
 Maxwell's Portable Pile  Tloc           6%         2d(5-15)  32%         3
 Silence                  Hex/Air        14%        N/A       58%         5
 Yara's Violent Unravell  Hex/Alch       3%         3d4       96%         5
 Enfeeble                 Hex            3%         N/A       100%        7
 Magnavolt                Erth/Air       14%        3d12      100%        7
 Maxwell's Capacitive Co  Air            24%        ∞         100%        8


Dungeon Overview and Level Annotations

Branches:
Dungeon (8/15)             Temple (1/1) D:6
   Lair: D:8-11

Altars:
Ashenzari
Cheibriados
Dithmenos
Fedhas
Gozag
Hepliaklqana
Kikubaaqudgha
Makhleb
Nemelex Xobeh
Okawaru
Qazlal
Sif Muna
Trog
Vehumet
Wu Jian
Xom
Yredelemnul
Zin
The Shining One
Ignis

Shops:
D:6 (

Annotations:
D:8 Maggie


Innate Abilities, Weirdness & Mutations

You can breathe corrosive fumes.
Your golden yellow scales are hard. (AC +7)
You cannot fit into any form of body armour.
You are cold-blooded and may be slowed by cold attacks.
You are resistant to acid. (rCorr)


Message History

The arrow barely misses you.
Maggie hits you with a +2 war axe of flaming.
Maggie burns you.
Unknown command.
Casting: Static Discharge (safe; 1% risk of failure)
Confirm with . or Enter, or press ? or * to list all spells.
You feel a surge of power!
Maggie is struck by an arc of lightning.
Maggie is moderately wounded.
You resist.
You are struck by an arc of lightning.
The centaur shoots an arrow.
The arrow hits you but does no damage.
Maggie hits you with a +2 war axe of flaming!
Maggie burns you.
Unknown command.
Casting: Static Discharge (safe; 1% risk of failure)
Confirm with . or Enter, or press ? or * to list all spells.
You feel a surge of power!
Maggie is struck by an arc of lightning.
Maggie is heavily wounded.
You resist.
You are struck by an arc of lightning.
Maggie is struck by an arc of lightning.
Maggie is heavily wounded.
You are struck by an arc of lightning.
Maggie is struck by an arc of lightning!
Maggie is severely wounded.
The lightning grounds out.
The centaur shoots an arrow.
The arrow hits you.
Maggie hits you with a +2 war axe of flaming.
* * * LOW HITPOINT WARNING * * *
Maggie burns you.
* * * LOW HITPOINT WARNING * * *
Casting: Static Discharge (safe; 1% risk of failure)
Confirm with . or Enter, or press ? or * to list all spells.
You feel a surge of power!
Maggie is struck by an arc of lightning.
Maggie is severely wounded.
You are struck by an arc of lightning.
The centaur shoots an arrow.
The arrow closely misses you.
The centaur shoots an arrow.
The arrow hits you!
* * * LOW HITPOINT WARNING * * *
Maggie hits you with a +2 war axe of flaming!
You die...

# ##.# #.
###... #.##
#... #...#
###># ####
#..##...##...##
#†...........##
##.....$@.....#
#.....@......#
#..<.........#
##..........##
#....##?..##
...#.## ####
.......
c#####.. #. ..
# .:=


You could see Maggie (mesmerising) and a centaur.

Vanquished Creatures
  A cyclops (D:6)
  Grinder (D:3)
  Prince Ribbit (D:7)
  2 steam dragons (D:7)
  2 water moccasins
  2 black bears
  3 ogres (D:5)
  3 centaurs
  3 phantoms
  4 bullfrogs
  6 scorpions
  6 wights
  6 killer bees
  2 electric eels (D:7)
  2 howler monkeys
  A centaur zombie (D:6)
  A bullfrog zombie (D:6)
  2 jellies
  A bombardier beetle (D:6)
  2 hounds
  A gnoll bouda (D:4)
  A human zombie (D:6)
  An orc priest (D:5)
  A sleepcap (D:6)
  2 iguanas
  2 orc wizards (D:5)
  A mummy (D:6)
  8 gnolls
  4 adders
  3 shadow imps
  3 white imps
  11 dart slugs (D:4)
  2 ribbon worms
  5 orcs
  4 ball pythons
  13 endoplasms
  A giant cockroach (D:2)
  4 goblins
  4 hobgoblins
  8 jackals
  4 quokkas
  4 bats
  5 frilled lizards
  2 kobolds
  5 rats
150 creatures vanquished.

Notes
Turn   | Place    | Note
-------+----------+-------------------------------------------
     0 | D:1      | chippings the Draconian Wanderer began the quest for the
                  | Orb.
     0 | D:1      | chippings set off with the following items: a +0 dagger, 12
                  | poisoned darts, a scroll of vulnerability, a scroll of
                  | blinking; and the following spell memorised: Magic Dart;
                  | and the following spells available to memorise: Static
                  | Discharge, Brom's Barrelling Boulder.
     0 | D:1      | Reached XP level 1. HP: 17/17 MP: 2/2
   137 | D:1      | Reached XP level 2. HP: 25/25 MP: 0/3
   323 | D:1      | Learned a level 2 spell: Static Discharge
   550 | D:1      | Reached XP level 3. HP: 27/30 MP: 5/5
  1581 | D:3      | Noticed Grinder
  1635 | D:3      | Paralysed by Grinder for 5 turns
  1813 | D:3      | Reached XP level 4. HP: 38/38 MP: 1/6
  2022 | D:3      | Killed Grinder
  2023 | D:3      | Reached skill level 1 in Staves
  2023 | D:3      | Reached skill level 1 in Air Magic
  2023 | D:3      | Reached skill level 1 in Evocations
  2023 | D:3      | Reached XP level 5. HP: 11/46 MP: 1/8
  2023 | D:3      | Reached XP level 6. HP: 13/52 MP: 1/9
  2353 | D:3      | Found a faded altar of an unknown god.
  3249 | D:4      | Learned a level 2 spell: Momentum Strike
  3851 | D:5      | Entered Level 5 of the Dungeon
  3994 | D:5      | Noticed a water moccasin
  4002 | D:5      | Killed a water moccasin
  4003 | D:5      | Reached skill level 5 in Conjurations
  4004 | D:5      | Your scales start taking on a golden yellow colour.
  4004 | D:5      | Reached XP level 7. HP: 28/59 MP: 0/11
  4004 | D:5      | Gained mutation: You are resistant to acid. (rCorr) [Yellow
                  | Draconian growth]
  4420 | D:4      | Reached XP level 8. HP: 23/66 MP: 0/13
  4771 | D:5      | Reached skill level 6 in Conjurations
  4861 | D:5      | Found a blossoming altar of Fedhas.
  5783 | D:6      | Reached skill level 5 in Air Magic
  5794 | D:6      | Reached skill level 5 in Spellcasting
  5802 | D:6      | Found a basalt altar of Yredelemnul.
  5863 | D:6      | Reached XP level 9. HP: 66/71 MP: 12/16
  5904 | D:6      | Found a glowing silver altar of Zin.
  5937 | D:6      | Found a staircase to the Ecumenical Temple.
  5946 | Temple   | Entered the Ecumenical Temple
  5994 | Temple   | Became a worshipper of Ashenzari the Shackled
  6057 | D:6      | Noticed a cyclops
  6080 | D:6      | Killed a cyclops
  6081 | D:6      | Reached skill level 7 in Conjurations
  6144 | D:6      | Reached skill level 5 in Evocations
  6145 | D:6      | Noticed a two-headed ogre
  6346 | D:7      | Learned a level 3 spell: Mephitic Cloud
  6618 | D:7      | Found a shimmering altar of Xom.
  6621 | D:7      | Found a shimmering altar of Xom.
  6621 | D:7      | Found a shimmering altar of Xom.
  6621 | D:7      | Noticed Prince Ribbit
  6627 | D:7      | Killed Prince Ribbit
  6759 | D:6      | Found Unluw's Antique Weapon Shoppe.
  6872 | D:7      | Reached skill level 8 in Conjurations
  7037 | D:7      | Reached XP level 10. HP: 38/73 MP: 15/19
  7147 | D:7      | Found an ornate altar of the Wu Jian Council.
  7347 | D:7      | Found a radiant altar of Vehumet.
  7401 | D:7      | Found an iron altar of Okawaru.
  7425 | D:7      | Found a shimmering altar of Xom.
  7863 | D:8      | Noticed Maggie
  7872 | D:8      | Slain by Maggie

Illustrated notes

Levels and vault maps discovered:
D:1:      psy_arrival_dodecagon, layout_loops_ring, minmay_tetromino_t4
D:2:      layout_loops_ring
D:3:      layout_basic, serial_curves, eino_curves_02, eino_curves_04,
          shapermc_ecumenical_altar_mp_highgroup, uniq_grinder
D:4:      kennysheep_slugbush, layout_layer_cave
D:5:      layout_layer_cave, mainiacjoe_overflow_boulevard
D:6:      minmay_opposing_rooms, layout_rooms,
          lemuel_mausoleum_altar_yredelemnul,
          mainiacjoe_overflow_small_starburst, temple_hall,
          cheibrodos_sewer_entry_bend, serial_glass, glass_columns_b,
          glass_columns_b, glass_columns_b, glass_columns_a, glass_columns_a,
          glass_columns_a, serial_shops, shop
D:7:      layout_basic, xom_shifter_show, mainiacjoe_overflow_catwalk,
          nicolae_vehumet_radiance, overflow_temple_1_default,
          serial_bayou_lake_a, uniq_prince_ribbit1
D:8:      layout_rooms, special_room [special_room_orc],
          nicolae_shop_overcharged_wands, uniq_amaemon, uniq_jeremiah,
          uniq_maggie
Temple:   pdpol_scorched_temple

Skill      XL: |  1  2  3  4  5  6  7  8  9 |
---------------+----------------------------+-----
Throwing       | 2 |  2.0
Fighting       | 3 4 |  4.0
Staves         | 1 2 3 4 |  4.0
Spellcasting   | 2 3 5 6 |  6.5
Air Magic      | 1 2 3 5 6 |  6.8
Evocations     | 1 2 3 4 6 |  6.2
Conjurations   | 5 6 8 |  8.0
Dodging        | |  0.2
Invocations    | |  1.0

Action                     |  1- 3 |  4- 6 |  7- 9 | 10-12 || total
---------------------------+-------+-------+-------+-------++-------
  Melee: Dagger            |    56 |       |       |       ||    56
         Tailslap          |    12 |     6 |    29 |     3 ||    50
         Staff             |    75 |    64 |   130 |    18 ||   287
   Cast: Magic Dart        |    24 |    18 |    12 |     1 ||    55
         Static Discharge  |     7 |    16 |    79 |    13 ||   115
         Momentum Strike   |       |     2 |       |       ||     2
 Invoke: Curse Item        |       |       |     1 |       ||     1
  Evoke: Wand              |       |     1 |     3 |       ||     4
    Use: Scroll            |     4 |     2 |     3 |       ||     9
         Potion            |     1 |     2 |       |       ||     3
   Stab: Sleeping          |     1 |       |       |       ||     1
 Armour: Skin              |    92 |    96 |   312 |    47 ||   547
  Dodge: Dodged            |    90 |    36 |   142 |     9 ||   277

Table legend: (Time is in decaauts)
 A = Elapsed time spent in this place.
 B = Non-inter-level travel time spent in this place.
 C = Inter-level travel time spent in this place.
 D = Time resting spent in this place.
 E = Time spent auto-exploring this place.
 F = Levels seen in this place.
 G = Mean time per level.
                   A        B        C        D        E       F      G
               +--------+--------+--------+--------+--------+-----+--------+
         Total |   7967 |   7703 |    264 |    651 |   4637 |   9 |  885.2 |
       Dungeon |   7912 |   7648 |    264 |    651 |   4637 |   8 |  989.0 |
        Temple |     54 |     54 |      0 |      0 |      0 |   1 |   54.0 |
               +--------+--------+--------+--------+--------+-----+--------+

Top non-repeatable levels by time:
     D:4: 1591 daAuts
     D:7: 1535 daAuts
     D:5: 1235 daAuts
     D:3: 1146 daAuts
     D:1: 853 daAuts
     D:2: 849 daAuts
     D:6: 684 daAuts
  Temple: 54 daAuts
     D:8: 16 daAuts
